 Dungeon Crawl Stone Soup version 0.30-a0-414-gcb316572d5 (webtiles) character file.

Game seed: 9690314327922055096

721 rocky1 the Covered (level 7, -3/60 HPs)
             Began as a Minotaur Fighter on Dec 8, 2022.
             Was a Believer of Qazlal.
             Slain by a vampire (8 damage)
             ... on level 5 of the Dungeon.
             The game lasted 00:05:57 (3307 turns).

rocky1 the Covered (Minotaur Fighter)               Turns: 3307, Time: 00:05:57

Health: -3/60      AC: 10    Str: 20    XL:     7   Next: 42%
Magic:  0/8        EV: 10    Int:  5    God:    Qazlal [**....]
Gold:   276        SH:  7    Dex: 12    Spells: 6/6 levels left

rFire   . . .      SeeInvis .    h - +4 mace
rCold   . . .      Faith    .    c - +0 buckler
rNeg    . . .      Spirit   +    b - +0 scale mail
rPois   .          Reflect  .    (helmet restricted)
rElec   .          Harm     .    w - +0 cloak
rCorr   .          Rampage  .    (no gloves)
Will    .....                    i - +0 pair of boots
Stlth   ..........               f - amulet of guardian spirit
HPRegen 0.30/turn                (no ring)
MPRegen 0.11/turn                (no ring)

@: brilliant
A: horns 2, retaliatory headbutt
a: Renounce Religion, Upheaval


You were on level 5 of the Dungeon.
You worshipped Qazlal.
Qazlal was pleased with you.
You visited 1 branch of the dungeon, and saw 5 of its levels.

You collected 276 gold pieces.

Inventory:

Hand Weapons
 a - a +0 flail
 d - a +1 dire flail of holy wrath
 h - a +4 mace (weapon)
 v - a +0 hammer
Missiles
 u - a throwing net (quivered)
 x - 2 boomerangs of dispersal
Armour
 b - a +0 scale mail (worn)
 c - a +0 buckler (worn)
 i - a +0 pair of boots (worn)
 w - a +0 cloak (worn)
Jewellery
 f - an amulet of guardian spirit (around neck)
Wands
 o - a wand of paralysis (6)
Scrolls
 e - 8 scrolls of identify {unknown}
 k - a scroll of acquirement {unknown}
 l - a scroll of amnesia {unknown}
 m - a scroll of brand weapon {unknown}
 n - a scroll of blinking {unknown}
 q - 6 scrolls of teleportation {unknown}
 r - a scroll of fear {unknown}
 t - 2 scrolls of noise {unknown}
Potions
 g - 8 potions of curing
 j - 2 potions of brilliance
 p - 2 potions of flight {unknown}
 s - 2 potions of attraction {unknown}
 z - a potion of heal wounds {unknown}
 A - a potion of lignification {unknown}


   Skills:
 + Level 4.8 Fighting
 + Level 5.8 Maces & Flails
 + Level 6.4 Armour
 + Level 1.6 Dodging
 + Level 4.8 Shields
 * Level 2.7 Invocations


You had 6 spell levels left.
You didn't know any spells.
Your spell library contained the following spells:

 Spells                   Type           Power      Damage    Failure   Level
 Necrotise                Necr           0%         1d4       88%         1
 Ensorcelled Hibernation  Hex/Ice        0%         N/A       95%         2
 Static Discharge         Conj/Air       0%         2-2/arc   95%         2
 Spider Form              Tmut/Pois      0%         N/A       99%         3
 Vhi's Electric Charge    Tloc/Air       0%         N/A       99%         3
 Anguish                  Hex/Necr       0%         N/A       100%        4
 Agony                    Necr           0%         N/A       100%        5
 Arcjolt                  Conj/Air       0%         1d10      100%        5
 Borgnjor's Vile Clutch   Necr/Erth      0%         N/A       100%        5
 Lightning Bolt           Conj/Air       0%         1d11      100%        5


Dungeon Overview and Level Annotations

Branches:
Dungeon (5/15)
 Temple: D:4-7

Altars:
Okawaru
Qazlal

Shops:
D:2 =


Innate Abilities, Weirdness & Mutations

You have a pair of horns on your head.
You reflexively headbutt those who attack you in melee.


Message History

You feel sick.
The phantom hits you but does no damage. x2
You sock the phantom!
You destroy the phantom!
Qazlal accepts your kill.
You can now call upon nature to destroy your foes.
You feel sick.
You hit the phantom.
The phantom is lightly damaged.
You feel sick. You block the phantom's attack.
You hit the phantom.
The phantom is moderately damaged.
You feel sick.
You are no longer poisoned.
The phantom hits you.
You hit the phantom.
The phantom is moderately damaged.
The phantom hits you but does no damage.
You thump the phantom!
The phantom is severely damaged.
The phantom hits you but does no damage.
You sock the phantom!
You destroy the phantom!
Qazlal accepts your kill.
Unknown command.
It was a potion of brilliance.
You feel clever all of a sudden. You block the vampire's attack.
The vampire bites you but does no damage.
Unknown command.
You closely miss the vampire. The vampire hits you. The vampire bites you!
* * * LOW HITPOINT WARNING * * *
The vampire draws strength from your injuries!
The vampire completely misses you. You block the vampire's attack.
You hit the vampire.
The vampire is lightly damaged.
The vampire hits you!
* * * LOW HITPOINT WARNING * * *
The vampire bites you!
You die...

###### #........ #....#
#........ #....#
#....... #....###.....#
# #....##...# ##.V
#.........#####..#
#.....#.#.#....##
#.....#.#.).)W..##
#.....#@#.V......##.#
###.....#V#>W..........
#.........#.########...
#.......)...#
#...##.######
#...##.#### #.....<...#
#....####.# #.......#.#


You could see a vampire.

Vanquished Creatures
  Edmund (D:4)
  2 phantoms (D:5)
  A killer bee (D:5)
  A centaur zombie (D:5)
  2 jellies (D:4)
  Crazy Yiuf (D:3)
  An orc priest (D:5)
  An iguana (D:4)
  Natasha (thrice) (D:3)
  5 gnolls
  5 adders
  2 worms
  2 dart slugs
  2 orcs
  6 endoplasms
  2 giant cockroaches
  6 goblins
  6 hobgoblins
  A jackal (D:5)
  4 kobolds (D:1)
  3 quokkas
  3 ball pythons (D:1)
  4 bats (D:2)
  5 frilled lizards
  3 rats
72 creatures vanquished.

Vanquished Creatures (others)
  2 withered plants (D:5)
2 creatures vanquished.

Grand Total: 74 creatures vanquished

Notes
Turn   | Place    | Note
-------+----------+-------------------------------------------
     0 | D:1      | rocky1 the Minotaur Fighter began the quest for the Orb.
     0 | D:1      | Reached XP level 1. HP: 19/19 MP: 0/0
   229 | D:1      | Reached XP level 2. HP: 26/27 MP: 1/1
   909 | D:1      | Reached skill level 4 in Armour
  1055 | D:2      | Reached XP level 3. HP: 33/33 MP: 2/2
  1399 | D:2      | Found Zixin's Jewellery Emporium.
  1652 | D:3      | Found a faded altar of an unknown god.
  1660 | D:3      | Prayed at the altar of an unknown god.
  1660 | D:3      | Became a worshipper of Qazlal Stormbringer
  1660 | D:3      | Reached * piety under Qazlal
  1676 | D:3      | Noticed Natasha
  1680 | D:3      | Killed Natasha
  1681 | D:3      | Reached skill level 5 in Armour
  1681 | D:3      | Reached XP level 4. HP: 33/40 MP: 3/3
  1861 | D:3      | Noticed Natasha
  1866 | D:3      | Killed Natasha
  1867 | D:3      | Reached XP level 5. HP: 45/46 MP: 4/4
  1948 | D:3      | Noticed Natasha
  1955 | D:3      | Killed Natasha
  2129 | D:3      | Got Kikubaaqudgha's Disquisition on Necromancy
  2286 | D:3      | Found a runed translucent door.
  2287 | D:3      | Noticed Crazy Yiuf
  2323 | D:3      | Killed Crazy Yiuf
  2492 | D:4      | Reached skill level 1 in Invocations
  2551 | D:4      | Reached XP level 6. HP: 53/53 MP: 5/5
  2701 | D:4      | Found an iron altar of Okawaru.
  3092 | D:4      | Noticed Edmund
  3101 | D:4      | Killed Edmund
  3102 | D:4      | Reached skill level 5 in Maces & Flails
  3102 | D:4      | Reached skill level 6 in Armour
  3102 | D:4      | Reached skill level 1 in Dodging
  3240 | D:5      | Entered Level 5 of the Dungeon
  3284 | D:5      | Reached XP level 7. HP: 60/60 MP: 7/7
  3285 | D:5      | Noticed a vampire
  3299 | D:5      | Reached ** piety under Qazlal
  3307 | D:5      | Slain by a vampire

Illustrated notes

Levels and vault maps discovered:
D:1:      dpeg_arrival_oval, layout_basic, solitary_fountain,
          roderic_roman_lattice, minmay_misc_feat_nine_boxes
D:2:      layout_rooms, serial_corexii_hall, corexii_hall_statues_x,
          chequers_hall_statues_y, corexii_hall_statues_deadend,
          corexii_hall_statues_t, serial_shops,
          nicolae_shop_competitors_out_of_business
D:3:      layout_loops_ring, basic_ecumenical_altar, st_stairs_7,
          minmay_close_crescents, uniq_natasha, uniq_crazy_yiuf_cottage
D:4:      layout_loops_ring, okawaru_metal_pillars_1_2, uniq_edmund
D:5:      layout_basic, mainiacjoe_overflow_brackets, serial_undead,
          serial_undead_c, serial_undead_b, serial_undead_d, serial_undead_d,
          serial_undead_b, serial_undead_b, minmay_manual_macuahuitl

Skill      XL: |  1  2  3  4  5  6 |
---------------+-------------------+-----
Armour         | 4 5 6 |  6.4
Shields        | 4 |  4.8
Fighting       | 4 |  4.8
Maces & Flails | 3 4 5 |  5.8
Invocations    | 1 2 |  2.7
Dodging        | 1 |  1.6

Action                   |  1- 3 |  4- 6 |  7- 9 || total
-------------------------+-------+-------+-------++-------
Melee: Flail             |    23 |       |       ||    23
       Headbutt          |     5 |    15 |       ||    20
       Mace              |    57 |    77 |    15 ||   149
  Use: Potion            |       |     1 |     1 ||     2
Armor: Scale mail        |    33 |    23 |    11 ||    67
Dodge: Dodged            |    42 |    26 |     8 ||    76
Block: Buckler           |    19 |    19 |    10 ||    48

Table legend: (Time is in decaauts)
 A = Elapsed time spent in this place.
 B = Non-inter-level travel time spent in this place.
 C = Inter-level travel time spent in this place.
 D = Time resting spent in this place.
 E = Time spent auto-exploring this place.
 F = Levels seen in this place.
 G = Mean time per level.
                   A        B        C        D        E       F      G
               +--------+--------+--------+--------+--------+-----+--------+
         Total |   3333 |   3164 |    169 |     87 |   2546 |   5 |  666.6 |
       Dungeon |   3333 |   3164 |    169 |     87 |   2546 |   5 |  666.6 |
               +--------+--------+--------+--------+--------+-----+--------+

Top non-repeatable levels by time:
     D:1: 1029 daAuts
     D:3: 859 daAuts
     D:4: 762 daAuts
     D:2: 611 daAuts
     D:5: 70 daAuts
